 Dungeon Crawl Stone Soup version 0.18.1-48-g4cf74bf (console) character file.

50141 Kloppie the Blocker (level 14, -3/119 HPs)
             Began as a Human Fighter on July 29, 2016.
             Was the Champion of Okawaru.
             Slain by an orc knight
             ... wielding a +0 glaive
              (26 damage)
             ... on level 1 of the Orcish Mines on July 30, 2016.
             The game lasted 00:41:53 (21111 turns).

Kloppie the Blocker (Human Fighter)                Turns: 21111, Time: 00:41:54

Health: -3/119     AC: 19    Str: 17    XL:     14   Next: 95%
Magic:  0/16       EV: 13    Int:  8    God:    Okawaru [******]
Gold:   1790       SH: 17    Dex: 18    Spells: 0 memorised, 13 levels left

rFire  + + .     SeeInvis .     a - +6 eveningstar (holy)
rCold  + . .     Gourm    .     q - +4 scale mail {rF+}
rNeg   + + +     Faith    .     c - +1 shield
rPois  +         Spirit   +     s - -2 hat of the Alchemist {rElec rPois rF+ rC+ rN+ MR+ rMut rCorr}
rElec  +         Dismiss  .     d - +1 cloak of Esuqoent {+Fly}
rCorr  +         Reflect  .     l - +2 pair of gloves
rMut   +         Harm     .     y - +2 pair of boots
SustAt .                        W - amulet of guardian spirit
MR     ++...                    h - ring of Fuqimagu {rElec rPois rN+++ MR- Slay+4}
Stlth  ++........               j - ring of protection from magic

@: heroism, very resistant to hostile enchantments, unstealthy
A: no striking features
a: Heroism, Finesse, Renounce Religion, Evoke Flight


You were on level 1 of the Orcish Mines.
You worshipped Okawaru.
Okawaru was exalted by your worship.
You were not hungry.

You visited 4 branches of the dungeon, and saw 22 of its levels.
You also visited: Labyrinth and Volcano.

You collected 1790 gold pieces.

Inventory:

Hand Weapons
 a - a +6 eveningstar of holy wrath (weapon)
 P - a +0 morningstar of flaming
Armour
 c - a +1 shield (worn)
 d - the +1 cloak of Esuqoent (worn) {+Fly}
   (You found it on level 7 of the Dungeon)

   It lets you fly.
 l - a +2 pair of gloves (worn)
 q - a +4 scale mail of fire resistance (worn)
 s - the -2 hat of the Alchemist (worn) {rElec rPois rF+ rC+ rN+ MR+ rMut rCorr}
   (You found it in a labyrinth)

   It protects you from fire.
   It protects you from cold.
   It insulates you from electricity.
   It protects you from poison.
   It protects you from negative energy.
   It affects your resistance to hostile enchantments.
   It protects you from acid and corrosion.
   It protects you from mutation.
 y - a +2 pair of boots (worn)
Jewellery
 h - the ring of Fuqimagu (right hand) {rElec rPois rN+++ MR- Slay+4}
   (You found it on level 7 of the Lair of Beasts)

   [ring of poison resistance]

   It affects your accuracy and damage with ranged weapons and melee attacks
   (+4).
   It insulates you from electricity.
   It protects you from poison.
   It renders you almost immune to negative energy.
   It affects your resistance to hostile enchantments.
 j - a ring of protection from magic (left hand)
 L - an uncursed ring of resist corrosion
 N - a +3 amulet of reflection
 W - an amulet of guardian spirit (around neck)
Wands
 w - a wand of paralysis (24/24)
 H - a wand of digging (10/24)
 X - a wand of hasting (5/9)
Scrolls
 e - a scroll of recharging
 f - 11 scrolls of remove curse
 n - a scroll of brand weapon
 t - a scroll of blinking
 v - 3 scrolls of fog
 B - a scroll of enchant armour
 O - 2 scrolls of teleportation
 T - a scroll of summoning
Potions
 b - a potion of flight
 i - 2 potions of magic
 m - 2 potions of resistance
 p - 2 potions of mutation
 r - 9 potions of curing
 x - 2 potions of ambrosia
 z - 2 potions of cancellation
 A - 3 potions of brilliance {unknown}
 C - 3 potions of degeneration {unknown}
 I - 2 potions of berserk rage {unknown}
 J - 3 potions of invisibility {unknown}
 U - a potion of cure mutation {unknown}
Books
 g - a book of Alchemy

   Spells                             Type                      Level
   a - Sublimation of Blood           Necromancy                   2
   b - Ignite Poison                  Fire/Transmutation/Poison    3
   c - Petrify                        Transmutation/Earth          4
   d - Alistair's Intoxication        Transmutation/Poison         5
   e - Irradiate                      Conjuration/Transmutation    5
 D - an Akashic Record

   Spells                             Type                      Level
   a - Dispersal                      Translocation                6
   b - Malign Gateway                 Summoning/Translocation      7
   c - Disjunction                    Translocation                8
   d - Controlled Blink               Translocation                8
Miscellaneous
 k - a phantom mirror
Comestibles
 o - 6 meat rations
 u - 12 slices of pizza
 E - 2 chunks of flesh
 G - 6 bread rations
 M - 4 beef jerkies


   Skills:
 - Level 13.7(18.7) Fighting
 + Level 14.4(19.4) Maces & Flails
 - Level 3.0(8.0) Armour
 + Level 14.5(19.5) Shields
 - Level 2.9 Invocations


You had 13 spell levels left.
You didn't know any spells.

Dungeon Overview and Level Annotations

Branches:
Dungeon (12/15)            Temple (1/1) D:5            Lair (7/8) D:10
 Shoals (0/4) Lair:6        Snake (0/4) Lair:6        Slime (0/6) Lair:6
    Orc (2/2) D:12
    Elf: Orc:2

Altars:
Ashenzari
Cheibriados
Dithmenos
Elyvilon
Fedhas
Gozag
Kikubaaqudgha
Makhleb
Nemelex Xobeh
Okawaru
Pakellas
Qazlal
Ru
Sif Muna
Trog
Vehumet
Xom
Yredelemnul
Zin
The Shining One

Shops:
Orc:2 (

Annotations:
D:8 Dickchan's ghost, novice NaBe
Lair:6 exclusion: 3 oklob plants
Orc:2 Maurice


Message History

You bludgeon the orc warlord!!
The orc warlord is severely wounded.
The orc knight hits you with a glaive!!
* * * LOW HITPOINT WARNING * * *
You hit the orc warlord.
The orc warlord is severely wounded.
You block the orc warlord's attack.
You completely miss the orc warlord.
The orc warlord is severely wounded.
The orc knight no longer looks unusually strong.
You block the orc knight's attack.
You puncture the orc warlord!
The orc warlord is almost dead.
The orc warlord roars a battlecry!
The orc knight goes into a battle-frenzy!
You block the orc warlord's attack.
You hit the orc warlord.
The orc warlord is almost dead.
The orc knight hits you with a glaive!!
You die...

#.#....###...##
###..........#
##......#### ##.......#
#........###
###...#.#..#.##
#.....###.....#
#.().######...#
####(.[@#.#.....##
##.#.#.oo......###
##..(..#.........#
#.......#......###
###.........>......#
##.....[[...........###
##.....##)......#......##
#....######....####...#.##
##......#.......#....###.#


You could see an orc warlord and an orc knight.

Vanquished Creatures
  Rupert (Lair:6)
  Maud (Lair:5)
  A stone giant (Orc:1)
  Nessos (Volcano)
  A minotaur (Lab)
  Josephine (Lair:5)
  A catoblepas (Lair:6)
  3 hydras
  3 death yaks (Lair:4)
  A hill giant (D:11)
  The ghost of Kloppie the Skirmisher, a novice HuFi of the Shining One (D:5)
  A deep elf mage (D:10)
  A cyclops (D:12)
  2 griffons (Lair:5)
  8 elephants
  4 black mambas
  2 molten gargoyles (Volcano)
  A gargoyle (D:11)
  11 spiny frogs
  A komodo dragon (Lair:7)
  2 yaktaurs (Volcano)
  2 rime drakes
  2 trolls
  A two-headed ogre (D:12)
  17 blink frogs
  A wyvern (Lair:3)
  2 shadows (Lab)
  50 yaks
  6 wraiths
  11 basilisks
  A hungry ghost (D:12)
  10 hippogriffs
  2 vampire mosquitoes (D:12)
  A mottled dragon (D:11)
  10 water moccasins
  14 porcupines
  4 hell hounds
  10 orc warriors
  2 sky beasts
  4 ice beasts
  2 black bears
  An eye of draining (D:11)
  4 phantoms
  A necrophage (D:12)
  4 ogres
  7 centaurs
  4 wolves (Lair:3)
  15 crocodiles
  12 giant frogs
  An earth elemental (Lab)
  8 big kobolds
  4 scorpions
  3 killer bees (D:9)
  7 wights
  2 howler monkeys
  4 crimson imps
  5 hounds
  A quasit (D:7)
  4 giant frog skeletons
  5 orc priests
  A centaur zombie (D:5)
  2 jellies
  2 centaur skeletons
  11 iguanas
  9 orc wizards
  5 hell rats (Lair:3)
  6 worker ants
  2 sheep (D:11)
  An ogre skeleton (Lab)
  3 hound skeletons
  A howler monkey zombie (D:11)
  A worker ant zombie (D:5)
  A howler monkey skeleton (D:10)
  14 adders
  22 river rats
  3 shadow imps
  An ooze (D:3)
  An adder zombie (D:6)
  2 worms
  A dart slug (D:1)
  3 giant geckos
  36 orcs
  11 bats
  A giant cockroach (D:2)
  9 goblins
  4 hobgoblins
  17 jackals
  3 quokkas
  3 ball pythons
  5 giant newts (D:2)
  31 kobolds
  10 rats
514 creatures vanquished.

Vanquished Creatures (others)
  A jackal (D:9)
  A quokka (D:9)
  2 fungi
  3 plants
7 creatures vanquished.

Grand Total: 521 creatures vanquished

Notes
Turn   | Place    | Note
--------------------------------------------------------------
     0 | D:1      | Kloppie the Human Fighter began the quest for the Orb.
     0 | D:1      | Reached XP level 1. HP: 18/18 MP: 1/1
   336 | D:1      | Reached XP level 2. HP: 20/24 MP: 2/2
   792 | D:2      | Reached XP level 3. HP: 28/29 MP: 3/3
  1324 | D:2      | Reached XP level 4. HP: 37/37 MP: 4/4
  1778 | D:3      | Reached XP level 5. HP: 42/42 MP: 5/5
  2554 | D:4      | Reached XP level 6. HP: 49/49 MP: 6/6
  2719 | D:5      | Entered Level 5 of the Dungeon
  2956 | D:5      | Reached skill level 5 in Fighting
  2956 | D:5      | Reached XP level 7. HP: 56/56 MP: 7/7
  3001 | D:5      | Reached skill level 5 in Shields
  3184 | D:5      | Noticed Kloppie's ghost (novice HuFi)
  3384 | D:5      | Killed Kloppie's ghost
  3384 | D:5      | Reached skill level 5 in Maces & Flails
  3384 | D:5      | Reached XP level 8. HP: 27/65 MP: 8/8
  3562 | D:5      | Found a staircase to the Ecumenical Temple.
  3569 | Temple   | Entered the Ecumenical Temple
  3650 | Temple   | Became a worshipper of Warmaster Okawaru
  4053 | D:6      | Reached * piety under Okawaru
  4053 | D:6      | Reached XP level 9. HP: 28/71 MP: 9/9
  4283 | D:6      | Reached skill level 1 in Invocations
  4327 | D:6      | Found a sparkling altar of Nemelex Xobeh.
  4584 | D:6      | Reached ** piety under Okawaru
  4677 | D:6      | You fall through a shaft!
  4735 | D:7      | Got a scorched cloak
  4741 | D:7      | Identified the +1 cloak of Esuqoent {+Fly} (You found it on level 7 of the Dungeon)
  4936 | D:7      | Got a bloodstained hand axe
  5585 | D:8      | Noticed Dickchan's ghost (novice NaBe)
  5904 | D:9      | Reached XP level 10. HP: 79/79 MP: 9/12
  5929 | D:9      | Found a white marble altar of Elyvilon.
  6059 | D:9      | Reached *** piety under Okawaru
  6685 | D:10     | Entered Level 10 of the Dungeon
  7521 | D:10     | Reached **** piety under Okawaru
  8138 | D:10     | Found a staircase to the Lair.
  8191 | D:10     | Identified the +5 hand axe "Tikkoguo" {distort, rElec rN+ Int+3 Dex-3} (You found it on level 7 of the Dungeon)
  8338 | D:10     | Reached XP level 11. HP: 66/89 MP: 13/13
  8476 | D:10     | Noticed a deep elf mage
  8499 | D:10     | Killed a deep elf mage
  8780 | Lair:1   | Entered Level 1 of the Lair of Beasts
  8875 | D:10     | Reached ***** piety under Okawaru
  8875 | D:10     | Reached skill level 10 in Shields
  9130 | Lair:1   | Reached skill level 10 in Maces & Flails
  9355 | Lair:1   | Reached skill level 10 in Fighting
 10273 | Lair:2   | Received a gift from Okawaru
 10274 | Lair:2   | Got a heavily runed cloak {god gift}
 10285 | Lair:2   | Identified the +2 cloak of Hospitality {*Corrode rPois rN+ Stlth+} (Okawaru gifted it to you on level 2 of the Lair of Beasts)
 10766 | Lair:1   | Reached XP level 12. HP: 82/98 MP: 11/14
 10799 | Lair:1   | HP: 6/148 [yak (10)]
 11260 | Lair:1   | Got a spiked scale mail
 11271 | Lair:1   | Identified the +3 scale mail of Hedge Wizardry {*Corrode rElec rC+ MR+ Dex+2} (You found it on level 1 of the Lair of Beasts)
 13409 | Lair:4   | Received a gift from Okawaru
 13414 | Lair:4   | Got a steaming ring mail {god gift}
 13433 | Lair:4   | Identified the +0 ring mail "Unewut" {rF+ Str+7 Int+3 Dex-2} (Okawaru gifted it to you on level 4 of the Lair of Beasts)
 13521 | Lair:4   | Noticed a death yak
 13522 | Lair:4   | Noticed a death yak
 13523 | Lair:4   | Noticed a death yak
 13546 | Lair:4   | Killed a death yak
 13546 | Lair:4   | Reached XP level 13. HP: 99/107 MP: 12/15
 14438 | Lair:5   | Found a labyrinth entrance.
 14445 | Lair:5   | Noticed an eight-headed hydra
 14457 | Lair:5   | Killed an eight-headed hydra
 14458 | Lair:5   | Noticed Maud
 14481 | Lair:5   | Killed Maud
 14491 | Lab      | Entered a labyrinth
 15095 | Lab      | Noticed a minotaur
 15108 | Lab      | Killed a minotaur
 15118 | Lab      | Got a polished scale mail
 15154 | Lair:5   | Identified the +2 scale mail "Salyohug" {rElec rPois Int+2 Dex+2} (You found it in a labyrinth)
 15680 | Lair:5   | Reached ****** piety under Okawaru
 15918 | Lair:5   | Noticed Josephine
 15940 | Lair:5   | Killed Josephine
 16645 | Lair:6   | Found a blossoming altar of Fedhas.
 16650 | Lair:6   | Found a dark tunnel.
 16662 | Lair:6   | Received a gift from Okawaru
 16702 | Volcano  | Entered a volcano
 16806 | Volcano  | Found a radiant altar of Vehumet.
 16806 | Volcano  | Noticed Nessos
 16834 | Volcano  | Killed Nessos
 16834 | Volcano  | Reached XP level 14. HP: 93/118 MP: 11/16
 17230 | Lair:6   | Found a staircase to the Shoals.
 17241 | Lair:6   | Noticed Rupert
 17244 | Lair:6   | Found a staircase to the Snake Pit.
 17262 | Lair:6   | Killed Rupert
 17457 | Lair:6   | Received a gift from Okawaru
 18407 | Lair:7   | Got a twitching platinum ring
 18515 | Lair:7   | Identified the ring of Fuqimagu {rElec rPois rN+++ MR- Slay+4} (You found it on level 7 of the Lair of Beasts)
 19268 | D:11     | Found a shattered altar of Ashenzari.
 19890 | D:11     | Received a gift from Okawaru
 19984 | D:12     | Found a staircase to the Orcish Mines.
 20659 | Orc:1    | Entered Level 1 of the Orcish Mines
 20681 | Orc:1    | Noticed a stone giant
 20695 | Orc:1    | Killed a stone giant
 21041 | Orc:2    | Entered Level 2 of the Orcish Mines
 21042 | Orc:2    | Found Mouqifig's Antique Weapon Shoppe.
 21042 | Orc:2    | Noticed an orc warlord
 21094 | Orc:2    | Noticed Maurice
 21111 | Orc:1    | Slain by an orc knight

Skill      XL: |  1  2  3  4  5  6  7  8  9 10 11 12 13 14 |
---------------+-------------------------------------------+-----
Fighting       | 4 5 6 7 9 10 11 13 | 13.7
Maces & Flails | 3 4 5 6 7 9 10 11 13 14 | 14.4
Shields        | 4 6 8 9 10 12 13 14 | 14.5
Invocations    | 2 |  2.9
Armour         | |  3.0

Action                   |  1- 3 |  4- 6 |  7- 9 | 10-12 | 13-15 || total
-------------------------+-------+-------+-------+-------+-------++-------
Melee: Flail             |    17 |       |       |   881 |   403 ||  1301
       Whip              |   141 |   176 |   599 |   217 |       ||  1133
       Eveningstar       |       |       |       |       |   455 ||   455
Invok: Heroism           |       |       |     1 |    10 |     7 ||    18
  Use: Scroll            |       |     5 |    10 |     9 |    12 ||    36
       Potion            |       |       |     3 |     6 |     3 ||    12
 Stab: Sleeping          |       |       |       |     1 |     2 ||     3
  Eat: Bread ration      |     1 |       |       |       |       ||     1
       Chunk             |     2 |     5 |    10 |    22 |    11 ||    50
       Meat ration       |       |       |       |     1 |     3 ||     4
Armor: Scale mail        |   106 |    98 |   254 |   376 |   128 ||   962
       Skin              |       |       |       |    13 |       ||    13
       Ring mail         |       |       |       |     1 |    28 ||    29
       Chain mail        |       |       |       |       |    75 ||    75
Dodge: Dodged            |    60 |    32 |   141 |   266 |   197 ||   696
Block: Shield            |    74 |    93 |   284 |   894 |   573 ||  1918
       Reflection        |       |       |       |     1 |       ||     1
